 Dungeon Crawl Stone Soup version 0.21.1-1-g345015f (webtiles) character file.

84 Dioder the Chiller (level 4, -3/27 HPs)
             Began as an Octopode Ice Elementalist on Feb 23, 2018.
             Killed from afar by Ijyb (11 damage)
             ... with a wand of flame (11)
             ... on level 3 of the Dungeon.
             The game lasted 00:02:34 (2667 turns).

Dioder the Chiller (Octopode Ice Elementalist)      Turns: 2667, Time: 00:02:35

Health: -3/27      AC:  1    Str:  7    XL:     4   Next: 46%
Magic:  3/8        EV: 14    Int: 18    God:
Gold:   39         SH:  0    Dex: 12    Spells: 5/8 levels left

rFire    . . .     SeeInvis .   (no weapon)
rCold    . . .     Gourm    .   (no shield)
rNeg     . . .     Faith    .   (helmet restricted)
rPois    .         Spirit   .   (no amulet)
rElec    .         Reflect  .   (no ring)
rCorr    .         Harm     .   (no ring)
MR       .....                  (no ring)
Stlth    +++.......             (no ring)
HPRegen  0.09/turn              (no ring)
MPRegen  0.11/turn              (no ring)
                                (no ring)
                                (no ring)

@: no status effects
A: almost no armour, stealthy swim, amphibious, 8 rings, constrict 8, camouflage
1, gelatinous body 1
a: no special abilities


You were on level 3 of the Dungeon.
You were not hungry.

You visited 1 branch of the dungeon, and saw 3 of its levels.

You collected 39 gold pieces.

Inventory:

Jewellery
 c - an uncursed ring of flight {unknown}
Wands
 k - a wand of flame (28)
Scrolls
 d - 3 scrolls of remove curse {unknown}
 h - a scroll of enchant armour {unknown}
 j - a scroll of fog {unknown}
 l - a scroll of teleportation {unknown}
 m - a scroll of identify {unknown}
Potions
 e - 2 potions of might {unknown}
 f - a potion of magic {unknown}
 i - a potion of brilliance {unknown}
 n - a potion of agility {unknown}
 o - a potion of degeneration {unknown}
Books
 a - a book of Frost

   Spells                             Type                      Level
   a - Freeze                         Ice                          1
   b - Throw Frost                    Conjuration/Ice              2
   c - Ozocubu's Armour               Charms/Ice                   3
   d - Throw Icicle                   Conjuration/Ice              4
   e - Summon Ice Beast               Ice/Summoning                4
Comestibles
 b - 5 rations
 g - 3 chunks of flesh


   Skills:
 + Level 3.0 Dodging
 - Level 2.7 Stealth
 + Level 2.8 Spellcasting
 - Level 1.0 Conjurations
 + Level 3.8 Ice Magic


You had 5 spell levels left.
You knew the following spells:

 Your Spells              Type           Power        Failure   Level  Hunger
a - Freeze                Ice            ###.         3%          1    None
b - Throw Frost           Conj/Ice       ##....       10%         2    ##.....


Dungeon Overview and Level Annotations

Branches:
Dungeon (3/15)

Altars:

Annotations:
D:3 Ijyb


Innate Abilities, Weirdness & Mutations

You cannot wear most types of armour.
You are very stealthy in the water. (Stealth+)
You are amphibious.
You can wear up to eight rings at the same time.
You can use your tentacles to constrict eight enemies at once.
Your skin changes colour to match your surroundings (Stealth+).
Your rubbery body absorbs attacks. (AC +1, EV +1)


Message History

You tentacle-slap Ijyb but do no damage.
You grab Ijyb. You squeeze Ijyb.
Ijyb is almost dead.
You constrict Ijyb, but do no damage. The bat barely misses you.
Ijyb zaps a wand.
The puff of flame hits you!
You tentacle-slap Ijyb but do no damage.
Ijyb is almost dead.
You constrict Ijyb, but do no damage. The bat closely misses you.
Ijyb hits you with a club.
You tentacle-slap Ijyb but do no damage.
Ijyb is almost dead.
You constrict Ijyb. The bat hits you.
* * * LOW HITPOINT WARNING * * *
Ijyb misses you.
You barely miss Ijyb.
Ijyb is almost dead.
You constrict Ijyb. The bat closely misses you.
Ijyb screams, "You nasty!
Big nasty!"
Ijyb zaps a wand.
The puff of flame hits you!
You die...

.. #.......... .>.
+.........# #.#
#.........# #.#
#.........### #.#
#............ #.#
#......$.....
#.##########............
#..........@gb.........$
#.###....###............
#.# #....# #...........[
#.# #....# #............
#.###....# #####+####...
#.<##....# .. #..##....#
. #..##..... #..##......


You could see Ijyb and a bat.

Vanquished Creatures
  3 adders (D:2)
  An ooze (D:2)
  3 worms (D:2)
  A dart slug (D:2)
  3 leopard geckos
  2 ball pythons
  3 goblins (D:2)
  7 hobgoblins
  4 kobolds
  3 bats (D:2)
  4 frilled lizards
  9 rats
43 creatures vanquished.

Notes
Turn   | Place    | Note
-------+----------+-------------------------------------------
     0 | D:1      | Dioder the Octopode Ice Elementalist began the quest for the Orb.
     0 | D:1      | Reached XP level 1. HP: 11/11 MP: 3/3
   140 | D:1      | Reached XP level 2. HP: 17/17 MP: 1/5
   739 | D:1      | Learned a level 2 spell: Throw Frost
  1360 | D:2      | Reached XP level 3. HP: 20/21 MP: 0/6
  1819 | D:2      | Reached XP level 4. HP: 9/27 MP: 1/8
  2638 | D:3      | Noticed Ijyb
  2667 | D:3      | Killed from afar by Ijyb

Skill      XL: |  1  2  3  4 |
---------------+-------------+-----
Dodging        | 3 |  3.0
Stealth        | |  2.7
Spellcasting   | |  2.8
Conjurations   | |  1.0
Ice Magic      | |  3.8

Action                   |  1- 3 |  4- 6 || total
-------------------------+-------+-------++-------
Melee: Unarmed           |     9 |    17 ||    26
       Tentacles         |     3 |     3 ||     6
       Constrict         |     2 |     5 ||     7
 Cast: Freeze            |    43 |    21 ||    64
       Throw Frost       |     6 |     8 ||    14
  Eat: Ration            |     1 |       ||     1
       Chunk             |       |     3 ||     3
Armor: Skin              |     5 |     9 ||    14
Dodge: Dodged            |    25 |    42 ||    67
